 Dungeon Crawl Stone Soup version 0.26.1-11-gd32895ea62 (webtiles) character file.

Game seed: 2061567959158992149

513 Zeld the Cruncher (level 7, -2/45 HPs)
             Began as an Octopode Gladiator on May 22, 2021.
             Was an Initiate of Okawaru.
             Slain by a quokka skeleton (4 damage)
             ... on level 4 of the Dungeon.
             The game lasted 00:03:14 (5558 turns).

Zeld the Cruncher (Octopode Gladiator)              Turns: 5558, Time: 00:03:14

Health: -2/45      AC:  1    Str: 15    XL:     7   Next: 19%
Magic:  7/7        EV: 14    Int: 10    God:    Okawaru [......]
Gold:   237        SH:  0    Dex: 14    Spells: 6/6 levels left

rFire    . . .     SeeInvis .   a - +0 quarterstaff
rCold    . . .     Faith    .   (shield currently unavailable)
rNeg     . . .     Spirit   .   b - +0 hat
rPois    .         Reflect  .   (no amulet)
rElec    .         Harm     .   (no ring)
rCorr    .         Rampage  .   (no ring)
Will     .....                  (no ring)
Stlth    ++........             (no ring)
HPRegen  0.15/turn              (no ring)
MPRegen  0.10/turn              (no ring)
                                (no ring)
                                (no ring)

@: no status effects
A: almost no armour, stealthy swim, amphibious, 8 rings, constrict 8, camouflage
1, gelatinous body 1
a: Renounce Religion


You were on level 4 of the Dungeon.
You worshipped Okawaru.
Okawaru was noncommittal.
You visited 1 branch of the dungeon, and saw 4 of its levels.

You collected 237 gold pieces.

Inventory:

Hand Weapons
 a - a +0 quarterstaff (weapon)
Missiles
 c - 3 throwing nets (quivered)
 m - 5 boomerangs
Armour
 b - a +0 hat (worn)
Wands
 j - a wand of random effects (20)
Scrolls
 f - 3 scrolls of remove curse {unknown}
 l - a scroll of enchant armour {unknown}
 n - a scroll of noise {unknown}
 o - a scroll of amnesia {unknown}
 p - a scroll of enchant weapon {unknown}
 q - a scroll of teleportation {unknown}
 r - a scroll of random uselessness {unknown}
Potions
 d - 3 potions of attraction {unknown}
 e - 2 potions of ambrosia {unknown}
 g - a potion of might {unknown}
 h - 2 potions of flight {unknown}
 i - a potion of curing {unknown}
 k - a potion of brilliance {unknown}
 s - a potion of lignification {unknown}


   Skills:
 - Level 2.0 Fighting
 * Level 8.0 Staves
 - Level 2.0 Throwing
 - Level 3.0 Dodging


You had 6 spell levels left.
You didn't know any spells.
Your spell library was empty.

Dungeon Overview and Level Annotations

Branches:
Dungeon (4/15)
 Temple: D:4-7

Altars:
Okawaru


Innate Abilities, Weirdness & Mutations

You cannot wear most types of armour.
You are very stealthy in the water. (Stealth+)
You are amphibious.
You can wear up to eight rings at the same time.
You can use your tentacles to constrict eight enemies at once.
Your skin changes colour to match your surroundings (Stealth+).
Your rubbery body absorbs attacks. (AC +1, EV +1)


Message History

You constrict Natasha, but do no damage.
Natasha claws you!
* * * LOW HITPOINT WARNING * * *
The quokka skeleton bites you but does no damage.
Unknown command.
You completely miss Natasha.
Natasha is severely wounded.
You constrict Natasha. Natasha claws you!
* * * LOW HITPOINT WARNING * * *
The quokka skeleton barely misses you.
You hit Natasha but do no damage.
Natasha is severely wounded.
You constrict Natasha. Natasha closely misses you.
The quokka skeleton barely misses you.
You sock Natasha!
You kill Natasha!
Okawaru accepts your kill.
Natasha screams in pain as she dies!
The quokka skeleton bites you.
You die...

#...#......+...
#...#...#......#...
#...#...#......#'##
#...#####......#...
#...#...'......'...
.##+##...#...#......#...
.........+...#......#...
#......#'###......#...
#...†@............###+
#...Z.................
#.....................
#.....................
#.....................
#.....................
#.....................
......................
##......####


You could see a quokka skeleton.

Vanquished Creatures
  Sigmund (D:4)
  3 orc priests (D:3)
  A centaur skeleton (D:3)
  Jessica (D:2)
  Natasha (D:4)
  2 worker ants (D:4)
  A gnoll (D:3)
  8 adders
  2 worms
  2 dart slugs
  2 leopard geckos
  14 orcs (D:3)
  6 goblins
  4 hobgoblins
  6 jackals
  A quokka (D:2)
  5 bats
  3 frilled lizards
  9 kobolds
  4 rats
76 creatures vanquished.

Notes
Turn   | Place    | Note
-------+----------+-------------------------------------------
     0 | D:1      | Zeld the Octopode Gladiator began the quest for the Orb.
     0 | D:1      | Reached XP level 1. HP: 14/14 MP: 1/1
   168 | D:1      | Reached XP level 2. HP: 10/19 MP: 2/2
  1350 | D:2      | Noticed Jessica
  1352 | D:2      | Reached skill level 4 in Staves
  1362 | D:2      | Killed Jessica
  1363 | D:2      | Reached XP level 3. HP: 3/24 MP: 3/3
  1766 | D:2      | Reached XP level 4. HP: 29/29 MP: 4/4
  2033 | D:2      | Reached skill level 5 in Staves
  2520 | D:3      | Reached XP level 5. HP: 29/34 MP: 5/5
  3107 | D:3      | Reached skill level 6 in Staves
  3221 | D:3      | Reached XP level 6. HP: 17/39 MP: 6/6
  3512 | D:3      | Found an iron altar of Okawaru.
  3532 | D:3      | Became a worshipper of Warmaster Okawaru
  4027 | D:4      | Reached skill level 7 in Staves
  4030 | D:4      | Noticed Sigmund
  5200 | D:4      | Killed Sigmund
  5201 | D:4      | Reached XP level 7. HP: 26/45 MP: 7/7
  5462 | D:4      | Reached skill level 8 in Staves
  5548 | D:4      | Noticed Natasha
  5556 | D:4      | HP: 2/45 [Natasha (10)]
  5558 | D:4      | Killed Natasha
  5558 | D:4      | Slain by a quokka skeleton

Illustrated notes

Levels and vault maps discovered:
D:1:      minmay_arrival_widening_spiral_narrow, layout_rooms
D:2:      minmay_general_purpose_star, layout_basic, serial_corexii_hall,
          corexii_hall_statues_l, corexii_hall_statues_x,
          chequers_hall_statues_corner_a, corexii_hall_statues_i, uniq_jessica
D:3:      layout_basic, okawaru_altar_gauntlet_db
D:4:      layout_gridville, minitemple, hangedman_abyss_or_decor_passed,
          minmay_misc_feat_room, kennysheep_big_empty_room,
          nicolae_tso_besieged_by_evil, uniq_natasha, uniq_sigmund

Skill      XL: |  1  2  3  4  5  6  7 |
---------------+----------------------+-----
Staves         | 4 5 6 7 8 |  8.0
Fighting       | |  2.0
Throwing       | |  2.0
Dodging        | |  3.0

Action                   |  1- 3 |  4- 6 |  7- 9 || total
-------------------------+-------+-------+-------++-------
Melee: Quarterstaff      |    36 |   109 |    22 ||   167
       Constrict         |    12 |    35 |     5 ||    52
       Tentacles         |     9 |    25 |     1 ||    35
 Stab: Sleeping          |     3 |     5 |     1 ||     9
Armor: Skin              |       |     5 |     3 ||     8
Dodge: Dodged            |    22 |    71 |    10 ||   103
